 Dungeon Crawl Stone Soup version 0.21-a0-364-gbd1fde4 (webtiles) character file.

205 GordonOverkill the Chopper (level 5, -16/42 HPs)
             Began as a Minotaur Gladiator on Oct 14, 2017.
             Killed from afar by an orc wizard (28 damage)
             ... with an exploding inner flame
             ... hexed by the player character
             ... on level 3 of the Dungeon.
             The game lasted 00:03:15 (2454 turns).

GordonOverkill the Chopper (Minotaur Gladiator)     Turns: 2454, Time: 00:03:16

Health: -16/42     AC:  7    Str: 19    XL:     5   Next: 52%
Magic:  4/4        EV: 11    Int:  5    God:
Gold:   174        SH:  0    Dex: 12    Spells: 4/4 levels left

rFire    . . .     SeeInvis .   h - -3 whip (curse)
rCold    . . .     Gourm    .   (no shield)
rNeg     . . .     Faith    .   k - +0 scale mail
rPois    .         Spirit   .   c - +0 hat
rElec    .         Reflect  .   (no cloak)
rCorr    .         Harm     .   l - +0 pair of gloves
MR       .....                  (no boots)
Stlth    ..........             (no amulet)
HPRegen  0.14/turn              (no ring)
MPRegen  0.09/turn              (no ring)

@: no status effects
A: retaliatory headbutt, horns 2
a: no special abilities


You were on level 3 of the Dungeon.
You were not hungry.

You visited 1 branch of the dungeon, and saw 3 of its levels.

You collected 174 gold pieces.

Inventory:

Hand Weapons
 a - a +0 war axe
 h - a cursed -3 whip (weapon)
 j - a +0 hand axe
Missiles
 d - 3 throwing nets (quivered)
Armour
 c - a +0 hat (worn)
 k - a +0 scale mail (worn)
 l - a +0 pair of gloves (worn)
Scrolls
 g - a scroll of magic mapping
Potions
 e - a potion of curing
Comestibles
 b - 7 chunks of flesh
 f - a bread ration
 i - 2 fruits
 n - a royal jelly


   Skills:
 - Level 2.4 Fighting
 + Level 7.6 Axes
 - Level 2.0 Throwing
 - Level 3.2 Dodging


You had 4 spell levels left.
You didn't know any spells.

Dungeon Overview and Level Annotations

Branches:
Dungeon (3/15)

Altars:
Sif Muna


Innate Abilities, Weirdness & Mutations

You reflexively headbutt those who attack you in melee.
You have a pair of horns on your head.


Message History

You furiously retaliate!
You headbutt the kobold, but do no damage.
The orc wizard closely misses you. The hobgoblin barely misses you.
The orc hits you but does no damage.
Drop what? 13/52 slots (_ for help) (? for menu, Esc to quit)
Okay, then.
Okay, then.
The orc wizard barely misses you. You furiously retaliate!
You headbutt the orc wizard, but do no damage.
The kobold hits you but does no damage. The hobgoblin barely misses you.
The orc barely misses you.
The orc wizard hits you but does no damage.
The kobold closely misses you. You furiously retaliate!
You headbutt the kobold.
The kobold explodes!
The fiery explosion engulfs the orc wizard.
The orc wizard explodes!
The fiery explosion engulfs you!
Ouch! That really hurt!
You die...

(. .. #. #. #. ####
#####§ ...# #...§§## #
...# #####...§§@# .#
...# #...##...§go##.####
...# #...##.............
...# #...##..###..#.###.
...###...##...........#
.....#......###.........
......##.###....##..#.#.
.>....##.#......# ..# #
##.##...........###.#


You could see an orc (inner flame) and a hobgoblin (inner flame).

Vanquished Creatures
  The ghost of Oki the Insei, an amateur OpFi (D:3)
  2 adders (D:1)
  An ooze (D:1)
  2 worms (D:2)
  A dart slug (D:2)
  2 leopard geckos
  An orc (D:3)
  A giant cockroach (D:3)
  7 goblins
  4 hobgoblins
  7 jackals (D:2)
  A quokka (D:3)
  7 bats
  2 frilled lizards
  7 kobolds
  7 rats
53 creatures vanquished.

Notes
Turn   | Place    | Note
-------+----------+-------------------------------------------
     0 | D:1      | GordonOverkill the Minotaur Gladiator began the quest for the Orb.
     0 | D:1      | Reached XP level 1. HP: 18/18 MP: 0/0
   170 | D:1      | Reached skill level 4 in Axes
   286 | D:1      | Reached XP level 2. HP: 23/25 MP: 1/1
  1078 | D:1      | Reached skill level 5 in Axes
  1078 | D:1      | Reached XP level 3. HP: 24/30 MP: 2/2
  1969 | D:2      | Reached XP level 4. HP: 30/37 MP: 3/3
  1973 | D:2      | Reached skill level 6 in Axes
  2305 | D:3      | Found a deep blue altar of Sif Muna.
  2321 | D:3      | Noticed Oki's ghost (amateur OpFi)
  2342 | D:3      | Killed Oki's ghost
  2342 | D:3      | Reached skill level 7 in Axes
  2342 | D:3      | Reached XP level 5. HP: 39/42 MP: 4/4
  2454 | D:3      | Killed from afar by an orc wizard

Vault maps used:
D:1:      lightli_arrival_lavapool, roderic_lattice_a
D:2:      lemuel_upstairs_altar
D:3:      overflow_temple_1_default, first_bread, uniq_sigmund

Skill      XL: |  1  2  3  4 |
---------------+-------------+-----
Axes           | 4 5 7 |  7.6
Fighting       | |  2.4
Throwing       | |  2.0
Dodging        | |  3.2

Action                   |  1- 3 |  4- 6 || total
-------------------------+-------+-------++-------
Melee: Whip              |    99 |    46 ||   145
       War axe           |     3 |       ||     3
       Headbutt          |    17 |     8 ||    25
  Use: Scroll            |     5 |     1 ||     6
 Stab: Sleeping          |     1 |       ||     1
  Eat: Chunk             |     3 |     2 ||     5
Armor: Leather armour    |     1 |       ||     1
       Ring mail         |    24 |     4 ||    28
       Scale mail        |       |    18 ||    18
Dodge: Dodged            |    60 |    46 ||   106

Table legend:
 A = Spawn XP
 B = Non-spawn XP
 C = Spawn XP percentage of total XP
 D = Spawn monster count
 E = Non-spawn monster count
 F = Spawn count percentage of total count
 G = Total turns spent on level
                    A         B        C        D         E        F      G
               +---------+---------+-------+---------+---------+-------+---------
         Total |       0 |     293 |   0.0 |       0 |      53 |   0.0 |  2454
               +---------+---------+-------+---------+---------+-------+---------
           D:1 |       0 |      56 |   0.0 |       0 |      19 |   0.0 |  1421
           D:2 |       0 |      47 |   0.0 |       0 |      23 |   0.0 |   884
           D:3 |       0 |     190 |   0.0 |       0 |      11 |   0.0 |   149
               +---------+---------+-------+---------+---------+-------+---------
